AoeStats
← toomuchdog

MegaRandom

505763457Analyzed
1v1 RM · 23d ago on Sep 10, 2026· 50m 2s· 2 players
Game mode
Random Map
Map size
Tiny (2 player)
Population
200
Speed
Normal
Resources
Standard
Victory
Conquest
Starting age
Dark Age
Ending age
Imperial Age
RankedLock teamsTeams togetherTeam positionsShared explorationLock speedFull tech treeHidden civsTurbo modeCheats
Victory
Defeat
🇨🇦 Cumans · Canada
1302
+17
🇧🇷 Magyars · Brazil
1324
-17
toomuchdog
4:04 Loom
17:40 Feudal Age
18:27 Double-Bit Axe
19:18 Town Watch
25:02 Castle Age
27:34 Scale Barding Armor
31:21 Light Cavalry
34:14 Fletching
34:38 Bloodlines
38:03 Bodkin Arrow
39:32 Wheelbarrow
39:30 Bow Saw
43:00 Wheelbarrow
42:49 Ballistics
43:15 Padded Archer Armor
48:37 Steppe Husbandry
48:22 Capped Ram
Anton Webern
9:43 Loom
16:27 Feudal Age
21:29 Castle Age
28:39 Scale Mail Armor
30:49 Corvinian Army
31:05 Pikeman
36:29 Scale Barding Armor
41:53 Chain Mail Armor
43:02 Horse Collar
43:12 Double-Bit Axe
44:09 Fletching
49:08 Heavy Plow
49:22 Bow Saw
49:28 Elite Skirmisher
Connection lost

Rejoining the realm…

Still unreachable

The connection could not be restored.

Session expired

The server has moved on; the page needs a fresh start.